 Dungeon Crawl Stone Soup version 0.31-a0-702-gf82c85558f (webtiles) character file.

Game seed: 7095060461313714234

529 subawu the Covered (level 7, -3/48 HPs)
             Began as a Demonspawn Chaos Knight on Sept 7, 2023.
             Was a Plaything of Xom.
             Killed from afar by an orc wizard (7 damage)
             ... with a magic dart
             ... on level 5 of the Dungeon on Sept 8, 2023.
             The game lasted 00:17:55 (4302 turns).

subawu the Covered (Demonspawn Chaos Knight)        Turns: 4302, Time: 00:17:56

Health: -3/48      AC: 10    Str: 14    XL:     7   Next: 3%
Magic:  7/7        EV:  7    Int: 13    God:    Xom [......]
Gold:   352        SH:  4    Dex:  9    Spells: 6/6 levels left

rFire   . . .        k - +4 short sword
rCold   . . .        (no shield)
rNeg    . . .        e - +0 chain mail
rPois   .            i - +0 helmet
rElec   .            (no cloak)
rCorr   .            (no gloves)
SInv    .            (no boots)
Will    .....        (no amulet) Stlth
                     n - ring of flight
HPRegen 0.00/turn    (no ring)
MPRegen 0.10/turn

%: no passive effects
@: flying, inhibited regen
A: spiny 2, condensation shield, weakness stinger 1, claws 1, large bone plates
1, clumsy 2, frail 1, inhibited regeneration, teleportitis 1, wild magic 1
a: Renounce Religion


You were on level 5 of the Dungeon.
You worshipped Xom.
You were a very special plaything of Xom.
You visited 1 branch of the dungeon, and saw 5 of its levels.

You collected 352 gold pieces.

Inventory:

Hand Weapons
 a - a +0 mace of chaos
 f - a +0 dagger
 k - a +4 short sword (weapon)
 s - a +2 dagger of speed
 t - a +2 vampiric hand axe
 u - a +0 flail
Armour
 b - a +2 leather armour
 e - a +0 chain mail (worn)
 g - a +1 animal skin
 i - a +0 helmet (worn)
Jewellery
 m - a ring of flight
 n - a ring of flight (left claw)
 q - an amulet of guardian spirit
Talismans
 o - a flux talisman
Wands
 d - a wand of polymorph (2)
 x - a wand of roots (9)
Scrolls
 c - a scroll of butterflies
 h - a scroll of revelation
 l - 2 scrolls of teleportation {unknown}
 p - a scroll of immolation {unknown}
 r - a scroll of blinking {unknown}
 v - a scroll of identify
Potions
 j - a potion of lignification {unknown}
 w - 2 potions of magic {unknown}


   Skills:
 + Level 4.3 Fighting
 - Level 1.8 Short Blades
 * Level 3.8 Maces & Flails
 + Level 4.4 Armour
 + Level 2.0 Dodging
 + Level 0.4 Stealth
 - Level 0.4 Unarmed Combat
 * Level 1.3 Evocations


You had 6 spell levels left.
You didn't know any spells.
Your spell library contained the following spells:

 Spells                   Type           Power      Damage    Failure   Level
 Summon Small Mammal      Summ           0%         N/A       99%         1
 Blink                    Tloc           0%         N/A       100%        2
 Lesser Beckoning         Tloc           0%         N/A       100%        2
 Momentum Strike          Conj/Tloc      0%         3d8       100%        2
 Call Canine Familiar     Summ           0%         N/A       100%        3
 Summon Guardian Golem    Hex/Summ       0%         N/A       100%        3
 Orb of Destruction       Conj           0%         9d5       100%        7
 Spellforged Servitor     Conj/Summ      0%         N/A       100%        7


Dungeon Overview and Level Annotations

Branches:
Dungeon (5/15)
 Temple: D:4-7

Altars:
Makhleb
Ru
Vehumet
Yredelemnul

Shops:
D:3 [

Annotations:
D:4 1 runed translucent door, exclusion: statue, Crazy Yiuf


Innate Abilities, Weirdness & Mutations

You are mostly covered in sharp spines.
A meltable shield of frost defends you. (SH +0)
You have a small tail.
You have sharp fingernails.
You are partially covered in large bone plates. (SH +4)
You are very clumsy. (Dex -4)
You are frail. (-10% HP)
You do not regenerate when monsters are visible.
You are occasionally teleported next to monsters.
Your spells are a little harder to cast, but a little more powerful.


Message History

You bump into the crystal wall.
You feel less confused. The orc closely misses you.
You closely miss the orc.
The orc is severely wounded.
You block the orc's attack. The orc is struck by your spines.
The orc hits you but does no damage.
You hit the orc but do no damage.
The orc is severely wounded.
The orc hits you with a +0 club.
* * * LOW HITPOINT WARNING * * *
Something hits you but does no damage.
You hit the orc but do no damage.
You tail-slap the orc, but do no damage.
The orc is heavily wounded.
You block the orc's attack.
You closely miss the orc.
The orc is heavily wounded.
Something hits you.
* * * LOW HITPOINT WARNING * * *
You hit the orc but do no damage.
You tail-slap the orc, but do no damage.
The orc is heavily wounded.
The orc closely misses you. Something hits you but does no damage.
Reactivating autopickup.
You feel a bit more experienced.
Your Evocations skill increases to level 1!
You have reached level 7!
Your demonic ancestry asserts itself...
Sharp spines emerge from more of your body.
You hit the orc.
You kill the orc!
The orc is struck by your spines.
You kill the orc!
Something hits you but does no damage.
Deactivating autopickup; reactivate with Ctrl-A.
You hear some strange, mumbled words.
A magic dart appears from out of thin air!
The magic dart hits you!
You die...

# .##.#.#.# #.........#
#..####.#.#
#..####.#.##
#..........#
#.......#..#
#..........#
######..###.##..##
#.@..............#
#.###o{#..#>##..#......
#...(..#..#.##..#..#.##
#.#.#..#....##..#..#.#
....................#
#.#.#..##...#######..
...#.#..##...# ..# #..
........... #. ...#..##
#


You could see an orc.

Vanquished Creatures
  Sigmund (D:2)
  A hound (D:3)
  A jelly (D:5)
  An iguana (D:4)
  2 orc wizards
  Robin (D:2)
  11 adders
  2 ufetubi (D:4)
  A dart slug (D:2)
  8 orcs
  5 bats
  9 endoplasms
  A giant cockroach (D:1)
  13 goblins
  12 hobgoblins
  3 jackals (D:1)
  3 quokkas
  8 ball pythons
  2 frilled lizards (D:3)
  8 kobolds
  3 rats
96 creatures vanquished.

Notes
Turn   | Place    | Note
-------+----------+-------------------------------------------
     0 | D:1      | subawu the Demonspawn Chaos Knight began the quest for the
                  | Orb.
     0 | D:1      | Reached XP level 1. HP: 18/18 MP: 1/1
     1 | D:1      | XOM: silly message
   218 | D:1      | Gained mutation: You are partially covered in sharp spines.
                  | [demonic ancestry]
   218 | D:1      | Reached XP level 2. HP: 23/24 MP: 2/2
   594 | D:1      | XOM: summons 4 hostile shadow creatures
   663 | D:1      | Reached skill level 1 in Dodging
  1094 | D:1      | XOM: give mutations
  1094 | D:1      | Gained mutation: Your spells are a little harder to cast,
                  | but a little more powerful. [Xom's mischief]
  1094 | D:1      | Gained mutation: You are agile. (Dex +4, Str/Int -1) [Xom's
                  | mischief]
  1094 | D:1      | Gained mutation: Your muscles are strong. (Str +4, Int/Dex
                  | -1) [Xom's mischief]
  1094 | D:1      | Lost mutation: You are agile. (Dex +4, Str/Int -1) [Xom's
                  | mischief]
  1135 | D:1      | XOM: summons 1 hostile demon
  1136 | D:1      | Noticed a neqoxec
  1146 | D:2      | XOM: torment (12/24 hp)
  1231 | D:2      | Reached XP level 3. HP: 29/29 MP: 3/3
  1384 | D:2      | Noticed Robin
  1388 | D:2      | XOM: summons 2 hostile demons
  1399 | D:2      | XOM: 2-stop teleportation journey
  1446 | D:2      | You fall into a shaft and drop 2 floors!
  1522 | D:4      | Gained mutation: You have a small tail. [demonic ancestry]
  1522 | D:4      | Reached XP level 4. HP: 31/37 MP: 4/4
  1532 | D:4      | XOM: give mutations
  1532 | D:4      | Gained mutation: You are clumsy. (Dex -2) [Xom's mischief]
  1532 | D:4      | Gained mutation: You are dopey. (Int -2) [Xom's mischief]
  1532 | D:4      | Gained mutation: You are vulnerable to heat. (rF-) [Xom's
                  | mischief]
  1653 | D:2      | XOM: swap monsters
  1781 | D:2      | Killed Robin
  1782 | D:2      | Gained mutation: A meltable shield of frost defends you.
                  | (SH +0) [demonic ancestry]
  1782 | D:2      | Reached XP level 5. HP: 25/42 MP: 5/5
  2224 | D:2      | Found a sacrificial altar of Ru.
  2336 | D:2      | Noticed Sigmund
  2337 | D:2      | XOM: noise
  2366 | D:2      | Killed Sigmund
  2367 | D:2      | Reached skill level 1 in Short Blades
  2367 | D:2      | Reached XP level 6. HP: 35/48 MP: 6/6
  2807 | D:3      | Found Weghadeo's Armour Emporium.
  2813 | D:3      | XOM: give mutations
  2813 | D:3      | Gained mutation: You are occasionally teleported next to
                  | monsters. [Xom's mischief]
  2813 | D:3      | Gained mutation: You are frail. (-10% HP) [Xom's mischief]
  2969 | D:3      | XOM: 3-stop teleportation journey
  2992 | D:3      | XOM: polymorph adder -> hound
  3036 | D:3      | XOM: noise
  3053 | D:3      | XOM: give mutations
  3053 | D:3      | Gained mutation: You are partially covered in large bone
                  | plates. (SH +4) [Xom's mischief]
  3053 | D:3      | Gained mutation: You do not regenerate when monsters are
                  | visible. [Xom's mischief]
  3053 | D:3      | Lost mutation: You are vulnerable to heat. (rF-) [Xom's
                  | mischief]
  3057 | D:3      | Found a burning altar of Makhleb.
  3272 | D:3      | XOM: give mutations
  3272 | D:3      | Gained mutation: You expend magic power (3 MP) to
                  | strengthen your wands. [Xom's mischief]
  3272 | D:3      | Lost mutation: You are dopey. (Int -2) [Xom's mischief]
  3272 | D:3      | Gained mutation: You have sharp fingernails. [Xom's
                  | mischief]
  3272 | D:3      | Gained mutation: You are very clumsy. (Dex -4) [Xom's
                  | mischief]
  3334 | D:3      | XOM: silly message
  3612 | D:4      | Upgraded the game from 0.31-a0-700-gf13585253f to
                  | 0.31-a0-702-gf82c85558f
  3662 | D:4      | Found a basalt altar of Yredelemnul.
  3816 | D:4      | Found a runed translucent door.
  3817 | D:4      | Noticed Crazy Yiuf
  3961 | D:4      | Found a radiant altar of Vehumet.
  4231 | D:5      | XOM: noise
  4231 | D:5      | Entered Level 5 of the Dungeon
  4275 | D:5      | XOM: give mutations
  4275 | D:5      | Lost mutation: Your muscles are strong. (Str +4, Int/Dex
                  | -1) [Xom's mischief]
  4275 | D:5      | Lost mutation: You expend magic power (3 MP) to strengthen
                  | your wands. [Xom's mischief]
  4301 | D:5      | Reached skill level 1 in Evocations
  4301 | D:5      | Gained mutation: You are mostly covered in sharp spines.
                  | [demonic ancestry]
  4301 | D:5      | Reached XP level 7. HP: 4/48 MP: 7/7
  4302 | D:5      | Killed from afar by an orc wizard

Illustrated notes

Levels and vault maps discovered:
D:1:      eino_arrival_water_star, layout_basic
D:2:      wad_pebble_path, layout_basic, basic_altar, uniq_robin, uniq_sigmund
D:3:      layout_loops_ring, lemuel_round_altar, serial_shops, shop,
          chequers_serial_rivers_room_a, serial_bayou_crossing
D:4:      layout_rooms, amcnicky_altar_gilded, vehumet_statue,
          lemuel_flame_loot_1, uniq_crazy_yiuf_cottage
D:5:      layout_basic, mainiacjoe_overflow_alcove_2, serial_shops, shop,
          serial_co_window_serial, co_window_corner_a, co_window_paths_b,
          co_window_corner_a, co_window_of_opportunity_a, co_window_cross_1,
          co_window_of_opportunity_b, co_window_cross_2, co_window_cross_2,
          co_window_4corner_a, glass_columns_a, glass_columns_a,
          glass_columns_b, glass_columns_a, minivault_27,
          eino_small_chamber_without_monster, minmay_ruined_shrine

Skill      XL: |  1  2  3  4  5  6 |
---------------+-------------------+-----
Maces & Flails | 3 |  3.8
Dodging        | 1 2 |  2.0
Armour         | 2 3 4 |  4.4
Fighting       | 4 |  4.3
Short Blades   | 1 |  1.8
Evocations     | 1 |  1.3
Stealth        | |  0.4
Unarmed Combat | |  0.4

Action                     |  1- 3 |  4- 6 |  7- 9 || total
---------------------------+-------+-------+-------++-------
  Melee: Mace              |    51 |       |       ||    51
         Punch             |     2 |     1 |       ||     3
         Short sword       |    23 |   140 |     1 ||   164
         Unarmed           |     2 |    16 |       ||    18
         Tailslap          |       |     8 |       ||     8
    Use: Scroll            |       |     5 |       ||     5
         Potion            |       |     2 |       ||     2
 Armour: Leather armour    |    13 |       |       ||    13
         Chain mail        |    59 |   111 |     2 ||   172
         Skin              |     2 |    19 |       ||    21
  Dodge: Dodged            |    49 |    51 |       ||   100
  Block: Other             |       |    30 |       ||    30

Table legend: (Time is in decaauts)
 A = Elapsed time spent in this place.
 B = Non-inter-level travel time spent in this place.
 C = Inter-level travel time spent in this place.
 D = Time resting spent in this place.
 E = Time spent auto-exploring this place.
 F = Levels seen in this place.
 G = Mean time per level.
                   A        B        C        D        E       F      G
               +--------+--------+--------+--------+--------+-----+--------+
         Total |   4303 |   4069 |    234 |    296 |   2349 |   5 |  860.6 |
       Dungeon |   4303 |   4069 |    234 |    296 |   2349 |   5 |  860.6 |
               +--------+--------+--------+--------+--------+-----+--------+

Top non-repeatable levels by time:
     D:2: 1242 daAuts
     D:1: 1155 daAuts
     D:3: 1031 daAuts
     D:4: 805 daAuts
     D:5: 69 daAuts
